 Dungeon Crawl Stone Soup version 0.28-a0-1435-g82390b3a13 (webtiles) character file.

Game seed: 18100870260205838785

54 hashsling the Digger (level 3, 0/22 HPs)
             Began as a Gargoyle Wanderer on Jan 9, 2022.
             Slain by an orc (5 damage)
             ... on level 4 of the Dungeon.
             The game lasted 00:09:35 (2212 turns).

hashsling the Digger (Gargoyle Wanderer)            Turns: 2212, Time: 00:09:36

Health: 0/22       AC:  8    Str: 16    XL:     3   Next: 91%
Magic:  8/13       EV:  9    Int: 16    God:
Gold:   23         SH:  2    Dex:  6    Spells: 0/4 levels left

rFire   . . .      SeeInvis .   j - +0 mace
rCold   . . .      Faith    .   d - +0 buckler
rNeg    + . .      Spirit   .   c - +0 ring mail
rPois   ∞          Reflect  .   (no helmet)
rElec   +          Harm     .   (no cloak)
rCorr   .          Rampage  .   (no gloves)
Will    .....                   (no boots)
Stlth   ..........              (no amulet)
HPRegen 0.07/turn               k - ring of magical power
MPRegen 0.13/turn               (no ring)

@: no status effects
A: sickness immunity, AC +3, negative energy resistance 1, electricity
resistance, torment resistance 1, petrification resistance
a: no special abilities


You were on level 4 of the Dungeon.
You visited 1 branch of the dungeon, and saw 3 of its levels.

You collected 23 gold pieces.

Inventory:

Hand Weapons
 j - a +0 mace (weapon)
 l - the +6 short sword of Boijoege {protect, rPois rF- rC++ rCorr}
   (You found it on level 2 of the Dungeon)

   It grants its wielder temporary protection when it strikes (+7 to AC).
   rF:        It makes you vulnerable to fire.
   rC:        It greatly protects you from cold.
   rPois:     It protects you from poison.
   rCorr:     It protects you from acid and corrosion.
Missiles
 b - 80 stones (quivered)
 e - 23 bolts
Armour
 c - a +0 ring mail (worn)
 d - a +0 buckler (worn)
Jewellery
 k - a ring of magical power (left hand)
Scrolls
 a - a scroll of summoning {unknown}
 f - 2 scrolls of teleportation {unknown}
 g - a scroll of identify {unknown}
 i - a scroll of holy word {unknown}
Potions
 h - a potion of curing {unknown}


   Skills:
 * Level 2.8 Fighting
 * Level 2.2 Maces & Flails
 - Level 2.1 Armour
 - Level 1.0 Spellcasting
 - Level 3.2 Conjurations
 - Level 3.6 Earth Magic


You couldn't memorise any spells.
You knew the following spells:

 Your Spells              Type           Power      Damage    Failure   Level
a - Sandblast             Erth           24%        2d8       14%         1
b - Stone Arrow           Conj/Erth      22%        3d8       41%         3

Your spell library contained the following spells:

 Spells                   Type           Power      Damage    Failure   Level
 Shock                    Conj/Air       24%        1d4       30%         1
 Dazzling Flash           Conj/Hex       12%        N/A       67%         3
 Iskenderun's Mystic Bla  Conj/Tloc      6%         2d4       97%         4


Dungeon Overview and Level Annotations

Branches:
Dungeon (2/15)

Altars:


Innate Abilities, Weirdness & Mutations

You are immune to sickness and miasma.
Your stone body is resilient. (AC +3)
You are immune to poison.
You resist negative energy. (rN+)
You are resistant to electric shocks. (rElec)
You are resistant to unholy torment.
You are immune to petrification.


Message History

Confirm with . or Enter, or press ? or * to list all spells.
Aiming: Sandblast (safe; 14% risk of failure)
Press: ? - help, Shift-Dir - straight line, f - orc priest
Aim: an orc priest, wielding a +0 falchion (79% to hit)
The blast of sand hits the orc.
The orc is heavily wounded.
b - 83 stones The orc barely misses you.
The orc priest invokes the aid of Beogh against you.
Beogh smites you!
Ouch! That really hurt!
* * * LOW HITPOINT WARNING * * *
Casting: Sandblast (safe; 14% risk of failure)
Confirm with . or Enter, or press ? or * to list all spells.
Aiming: Sandblast (safe; 14% risk of failure)
Press: ? - help, Shift-Dir - straight line, f/p - orc priest
Aim: an orc priest, wielding a +0 falchion (79% to hit)
The blast of sand hits the orc but does no damage.
The orc is heavily wounded.
b - 82 stones The orc closely misses you.
Casting: Sandblast (safe; 14% risk of failure)
Confirm with . or Enter, or press ? or * to list all spells.
Aiming: Sandblast (safe; 14% risk of failure)
Press: ? - help, Shift-Dir - straight line, f/p - orc priest
Aim: an orc priest, wielding a +0 falchion (79% to hit)
The blast of sand hits the orc but does no damage.
The orc is heavily wounded.
b - 81 stones
Found a stone staircase leading up.
Casting: Sandblast (safe; 14% risk of failure)
Confirm with . or Enter, or press ? or * to list all spells.
Aiming: Sandblast (safe; 14% risk of failure)
Press: ? - help, Shift-Dir - straight line, f/p - orc priest
Aim: an orc priest, wielding a +0 falchion (79% to hit)
The blast of sand hits the orc but does no damage.
The orc is heavily wounded.
b - 80 stones The orc hits you with a +2 flail of venom.
You die...

. ....#.♣♣. #.# [.#
......... ...
..####........ ....
............ <....##
#.......... .....#.
#.....?.... .......##
#.....o?.#
........####..o.....#
#@oZ##..o.......
###)##....<.....
#)o.........#.
####........#
##.......# #.........
#......... .......
..$....


You could see an orc priest, an orc and an adder skeleton.

Vanquished Creatures
  2 dart slugs (D:1)
  An orc (D:4)
  4 bats
  4 endoplasms
  A giant cockroach (D:1)
  3 hobgoblins
  2 jackals (D:1)
  2 quokkas
  4 ball pythons (D:1)
  7 frilled lizards
  6 goblins
  4 kobolds
  10 rats
50 creatures vanquished.

Notes
Turn   | Place    | Note
-------+----------+-------------------------------------------
     0 | D:1      | hashsling the Gargoyle Wanderer began the quest for the
                  | Orb.
     0 | D:1      | hashsling set off with the following items: a +0 club, 25
                  | stones, a +0 ring mail; and the following spells available
                  | to memorise: Sandblast, Shock, Stone Arrow, Dazzling Flash,
                  | Iskenderun's Mystic Blast
     0 | D:1      | Reached XP level 1. HP: 12/12 MP: 2/2
     2 | D:1      | Learned a level 1 spell: Sandblast
   252 | D:1      | Reached skill level 1 in Maces & Flails
   252 | D:1      | Reached XP level 2. HP: 4/17 MP: 1/3
  1233 | D:1      | Reached XP level 3. HP: 21/21 MP: 4/4
  1323 | D:1      | Learned a level 3 spell: Stone Arrow
  1930 | D:2      | Identified the +6 short sword of Boijoege {protect, rPois
                  | rF- rC++ rCorr}
  2187 | D:2      | You fall into a shaft and drop 2 floors!
  2212 | D:4      | Slain by an orc

Illustrated notes

Levels and vault maps discovered:
D:1:      mrwooster_arrival_statue_2, layout_loops_ring
D:2:      layout_loops_ring, uniq_natasha
D:4:      layout_rooms, tgw_sif, zin_academy, minmay_temple_entry_mini_moons

Skill      XL: |  1  2  3 |
---------------+----------+-----
Maces & Flails | 1 2 |  2.2
Fighting       | 2 |  2.8
Armour         | |  2.1
Spellcasting   | |  1.0
Conjurations   | |  3.2
Earth Magic    | |  3.6

Action                   || total
-------------------------++-------
Melee: Club              ||    70
       Mace              ||    87
 Cast: Sandblast         ||    12
       Stone Arrow       ||     1
Armor: Ring mail         ||   100
Dodge: Dodged            ||    81
Block: Buckler           ||    24

Table legend: (Time is in decaauts)
 A = Elapsed time spent in this place.
 B = Non-inter-level travel time spent in this place.
 C = Inter-level travel time spent in this place.
 D = Time resting spent in this place.
 E = Time spent auto-exploring this place.
 F = Levels seen in this place.
 G = Mean time per level.
                   A        B        C        D        E       F      G
               +--------+--------+--------+--------+--------+-----+--------+
         Total |   2260 |   2221 |     39 |      0 |   1793 |   3 |  753.3 |
       Dungeon |   2260 |   2221 |     39 |      0 |   1793 |   3 |  753.3 |
               +--------+--------+--------+--------+--------+-----+--------+

Top non-repeatable levels by time:
     D:1: 1732 daAuts
     D:2: 499 daAuts
     D:4: 28 daAuts
